 Dungeon Crawl Stone Soup version 0.31.0-12-g77e489cdc1 (webtiles) character file.

Game seed: 13467270145703804887

602 Doomgape the Trooper (level 7, -1/39 HPs)
             Began as a Gargoyle Fighter on Feb 26, 2024.
             Was a Follower of Hepliaklqana.
             Slain by a water moccasin (4 damage)
             ... on level 4 of the Dungeon.
             The game lasted 00:07:59 (4252 turns).

Doomgape the Trooper (Gargoyle Fighter)             Turns: 4252, Time: 00:07:59

Health: -1/39      AC: 14    Str: 28    XL:     7   Next: 41%
Magic:  7/7        EV:  8    Int:  8    God:    Hepliaklqana [*.....]
Gold:   258        SH:  4    Dex:  9    Spells: 6/6 levels left

rFire   . . .        n - +0 morningstar
rCold   . . .        c - +0 buckler
rNeg    + . .        m - +0 chain mail
rPois   ∞            (no helmet)
rElec   +            (no cloak)
rCorr   .            (no gloves)
SInv    .            (no boots)
Will    .....        (no amulet) Stlth
                     k - +6 ring of strength
HPRegen 0.26/turn    (no ring)
MPRegen 0.10/turn

%: no passive effects
@: no status effects
A: reduced essence, sickness immunity, AC +4, negative energy resistance 1,
electricity resistance, torment resistance 1, petrification resistance
a: Renounce Religion, Recall Ancestor, Ancestor Identity


You were on level 4 of the Dungeon.
You worshipped Hepliaklqana.
Hepliaklqana was aware of your devotion.
You visited 1 branch of the dungeon, and saw 5 of its levels.

You collected 258 gold pieces.

Inventory:

Hand Weapons
 a - a +0 flail
 n - a +0 morningstar (weapon)
Armour
 c - a +0 buckler (worn)
 m - a +0 chain mail (worn)
Jewellery
 k - a +6 ring of strength (left hand)
Scrolls
 b - 2 scrolls of teleportation
 e - a scroll of amnesia
 f - a scroll of identify
Potions
 d - 2 potions of might
 g - 2 potions of curing
 h - 2 potions of enlightenment
 i - 2 potions of attraction
 j - a potion of magic {unknown}


   Skills:
 + Level 5.3 Fighting
 + Level 4.3 Maces & Flails
 + Level 5.3 Armour
 + Level 5.3 Shields


You had 6 spell levels left.
You didn't know any spells.
Your spell library contained the following spells:

 Spells                   Type           Power      Damage    Failure   Level
 Ignite Poison            Fire/Alch      0%         N/A       100%        4
 Freezing Cloud           Conj/Ice/Air   0%         6-21      100%        5
 Cigotuvi's Dreadful Rot  Necr/Alch/Air  Unusable   N/A       N/A         2

Dungeon Overview and Level Annotations

Branches:
Dungeon (5/15)
 Temple: D:4-7

Altars:
Cheibriados
Hepliaklqana
Nemelex Xobeh
Okawaru
Trog
Xom

Shops:
D:1 :


Innate Abilities, Weirdness & Mutations

Your life essence is reduced to manifest your ancestor. (-10% HP)
You are immune to sickness and miasma.
Your stone body is resilient. (AC +4)
You are immune to poison.
You resist negative energy. (rN+)
You are resistant to electric shocks. (rElec)
You are resistant to unholy torment.
You are immune to petrification.


Message History

Unknown command.
The water moccasin attacks as it pursues you!
The water moccasin bites you but does no damage.
The water moccasin bites you but does no damage.
The water moccasin attacks as it pursues you!
The water moccasin bites you but does no damage.
The sentinel's mark upon you fades away.
You block the water moccasin's attack.
The water moccasin attacks as it pursues you!
You block the water moccasin's attack. The water moccasin bites you.
* * * LOW HITPOINT WARNING * * *
You can't go up here!
Unknown command.
There is a stone staircase leading up here.
The water moccasin bites you but does no damage. x2
You climb upwards.
There is a stone staircase leading down here.
Unknown command.
You barely miss the water moccasin.
The water moccasin is heavily wounded.
The water moccasin bites you but does no damage.
Unknown command.
You thump the water moccasin!
The water moccasin is almost dead.
The water moccasin closely misses you.
The water moccasin bites you but does no damage.
Unknown command.
You hit the water moccasin but do no damage.
The water moccasin is severely wounded.
You block the water moccasin's attack.
The water moccasin bites you but does no damage.
You closely miss the water moccasin.
The water moccasin is severely wounded.
You block the water moccasin's attack. The water moccasin barely misses you.
Unknown command.
You barely miss the water moccasin.
The water moccasin is severely wounded.
The water moccasin barely misses you. The water moccasin bites you.
You die...

#................##.# #.##.
#..........[.....##.# #...<
#......#####.....##.########.
######## #.................
#.....############
#############....# #....
#..........##....# #.###
#####..........#.....########.###
...............S@............!...
#####..........##############.###
#..........# ##.## #..........#
#...## #..........# #.....
############ #..≈≈≈ #..≈.. #..≈.♣
#..≈.♣


You could see a water moccasin.

Vanquished Creatures
  Sigmund (D:3)
  2 ogres
  A scorpion (D:5)
  A hound (D:4)
  An iguana (D:4)
  Robin (D:3)
  A gnoll (D:1)
  3 adders
  2 dart slugs
  3 ribbon worms
  3 orcs
  9 ball pythons
  4 endoplasms
  A giant cockroach (D:2)
  16 goblins
  8 hobgoblins
  4 jackals
  7 kobolds
  7 quokkas
  7 bats
  3 frilled lizards (D:1)
  5 rats
90 creatures vanquished.

Vanquished Creatures (collateral kills)
  3 jackals (D:5)
3 creatures vanquished.

Vanquished Creatures (others)
  An ancestor (D:5)
1 creature vanquished.

Grand Total: 94 creatures vanquished

Notes
Turn   | Place    | Note
-------+----------+-------------------------------------------
     0 | D:1      | Doomgape the Gargoyle Fighter began the quest for the Orb.
     0 | D:1      | Reached XP level 1. HP: 14/14 MP: 1/1
    33 | D:1      | Found Baoleam's Book Shoppe.
   122 | D:1      | Reached XP level 2. HP: 7/19 MP: 2/2
   359 | D:1      | Reached XP level 3. HP: 23/23 MP: 3/3
  1654 | D:2      | Reached XP level 4. HP: 21/29 MP: 4/4
  2055 | D:3      | Noticed Sigmund
  2069 | D:3      | Killed Sigmund
  2070 | D:3      | Reached XP level 5. HP: 20/34 MP: 5/5
  2070 | D:3      | Reached XP level 6. HP: 23/39 MP: 6/6
  2325 | D:3      | Found a faded altar of an unknown god.
  2518 | D:3      | Noticed Robin
  2535 | D:3      | Killed Robin
  2652 | D:3      | Found a faded altar of an unknown god.
  2652 | D:3      | Found a hazy altar of Hepliaklqana.
  2658 | D:3      | Found a bloodstained altar of Trog.
  2661 | D:3      | Became a worshipper of Hepliaklqana the Forgotten
  2665 | D:3      | Found a faded altar of an unknown god.
  2666 | D:3      | Found a sparkling altar of Nemelex Xobeh.
  3185 | D:4      | Found a shimmering altar of Xom.
  3196 | D:4      | You fall into a shaft and drop 1 floor!
  3196 | D:5      | Entered Level 5 of the Dungeon
  3535 | D:4      | Reached skill level 5 in Fighting
  3535 | D:4      | Reached skill level 5 in Armour
  3535 | D:4      | Reached skill level 5 in Shields
  3535 | D:4      | Reached XP level 7. HP: 44/44 MP: 7/7
  3623 | D:4      | Reached * piety under Hepliaklqana
  3887 | D:4      | Found an iron altar of Okawaru.
  4210 | D:5      | Found a snail-covered altar of Cheibriados.
  4244 | D:5      | HP: 1/39 [water moccasin (6)]
  4252 | D:4      | Slain by a water moccasin

Illustrated notes

Levels and vault maps discovered:
D:1:      lightli_arrival_flooded_house, layout_loops_corners, serial_shops,
          nicolae_shop_peninsula, nicolae_grassy_gnolls
D:2:      kennysheep_big_flooded_room, layout_basic, minmay_pentomino_v2
D:3:      layout_loops_ring, chequers_temple_overflow_minitemple,
          basic_ecumenical_altar, serial_bayou_pond_d, reono_crystal_passage,
          minmay_cupped, uniq_sigmund, uniq_robin
D:4:      layout_basic, mainiacjoe_overflow_brackets,
          hellmonk_okawaru_the_only_friend_you_need, grunt_ministairs_2
D:5:      layout_basic, cheibriados_altar_1

Skill      XL: |  1  2  3  4  5  6 |
---------------+-------------------+-----
Fighting       | 4 5 |  5.3
Maces & Flails | 3 4 |  4.3
Armour         | 4 5 |  5.3
Shields        | 4 5 |  5.3

Action                     |  1- 3 |  4- 6 |  7- 9 || total
---------------------------+-------+-------+-------++-------
  Melee: Flail             |   139 |   131 |       ||   270
         Morningstar       |       |    21 |    30 ||    51
    Use: Scroll            |     4 |     6 |     2 ||    12
         Potion            |       |       |     1 ||     1
 Armour: Scale mail        |   104 |    72 |       ||   176
         Chain mail        |       |    51 |    45 ||    96
  Dodge: Dodged            |    86 |    63 |    22 ||   171
  Block: Buckler           |    30 |    30 |     7 ||    67
